 Dungeon Crawl Stone Soup version 0.23.0-3-gf3c87f2 (webtiles) character file.

Game seed: 5170514125996065356

81 varaam the Skirmisher (level 4, -5/37 HPs)
             Began as a Centaur Wanderer on Feb 20, 2019.
             Slain by Crazy Yiuf
             ... wielding a +4 quarterstaff of chaos
              (15 damage)
             ... on level 2 of the Dungeon.
             The game lasted 00:06:30 (2457 turns).

varaam the Skirmisher (Centaur Wanderer)            Turns: 2457, Time: 00:06:31

Health: -5/37      AC:  4    Str: 17    XL:     4   Next: 20%
Magic:  4/4        EV:  9    Int:  9    God:
Gold:   92         SH:  0    Dex:  9    Spells: 3/3 levels left

rFire    . . .     SeeInvis .   r - +0 whip
rCold    . . .     Gourm    .   (no shield)
rNeg     . . .     Faith    .   a - +2 leather armour
rPois    .         Spirit   .   (no helmet)
rElec    .         Reflect  .   (no cloak)
rCorr    .         Harm     .   (no gloves)
MR       .....                  (no barding)
Stlth    +.........             (no amulet)
HPRegen  0.12/turn              j - -2 ring of protection (curse)
MPRegen  0.09/turn              (no ring)

@: slowed
A: large, hooves 3, deformed body, speed 2, tough skin 3
a: no special abilities


You were on level 2 of the Dungeon.
You were not hungry.

You visited 1 branch of the dungeon, and saw 4 of its levels.

You collected 92 gold pieces.

Inventory:

Hand Weapons
 d - a +0 club
 e - a +0 dagger
 r - a +0 whip (weapon)
Missiles
 l - 3 tomahawks (quivered)
 n - 3 stones
 Q - 27 arrows
Armour
 a - a +2 leather armour (worn)
Jewellery
 j - a cursed -2 ring of protection (left hand)
Scrolls
 g - 4 scrolls of teleportation {unknown}
 i - a scroll of noise {unknown}
 k - a scroll of amnesia {unknown}
 m - a scroll of remove curse {unknown}
 o - a scroll of enchant weapon {unknown}
 t - a scroll of identify {unknown}
Potions
 c - a potion of curing
 h - 2 potions of heal wounds {unknown}
 p - a potion of cancellation {unknown}
 q - a potion of ambrosia {unknown}
Comestibles
 f - 3 rations
 s - 2 chunks of flesh


   Skills:
 + Level 2.9 Fighting
 * Level 2.3(2.5) Maces & Flails
   Level 1.0(1.8) Staves
 - Level 1.1 Throwing
 - Level 1.0 Dodging
 - Level 1.7 Stealth
 - Level 2.0 Unarmed Combat
   Level 1.0 Evocations


You had 3 spell levels left.
You didn't know any spells.
Your spell library was empty.

Dungeon Overview and Level Annotations

Branches:
Dungeon (4/15)
 Temple: D:4-7

Altars:
Dithmenos
Elyvilon
Ru
Sif Muna

Annotations:
D:2 Crazy Yiuf
D:4 Dowan


Innate Abilities, Weirdness & Mutations

You have hooves in place of feet.
Armour fits poorly on your strangely shaped body.
You cover ground very quickly.
You have extremely tough skin. (AC +3)


Message History

Your transformation is almost over.
You barely miss Crazy Yiuf. Crazy Yiuf hits you but does no damage.
You are electrocuted!!
* * * LOW HITPOINT WARNING * * *
You take 19 damage, and have 22/55 hp.
MASSIVE DAMAGE!!
You completely miss Crazy Yiuf. Crazy Yiuf hits you but does no damage.
You hit Crazy Yiuf. Crazy Yiuf hits you but does no damage.
You barely miss Crazy Yiuf.
Crazy Yiuf hits you with a +4 quarterstaff of chaos!
* * * LOW HITPOINT WARNING * * *
You feel yourself slow down.
You take 8 damage, and have 15/55 hp.
You hit Crazy Yiuf but do no damage. Crazy Yiuf hits you but does no damage.
You hit Crazy Yiuf but do no damage. Crazy Yiuf hits you but does no damage.
You hit Crazy Yiuf.
You feel less wooden.
Your +2 leather armour unmelds from your body.
Crazy Yiuf hits you with a +4 quarterstaff of chaos!
You die...

##.###.......÷.#..#.#..
# #######......#.###
#...#..#.... #####
#......##### #)..#
#...#....... #...#
#...#....... ...
#...#....... #g#
#........... ♣@♣♣
###.#....... ♣♣.♣
#.#....... ♣.♣♣
#.#....... ♣♣.♣
#.#....... ♣♣.♣♣
#....#.... ♣♣...♣
#..#.##... ♣....♣
#..##)#... #....#
#...#....#
#....#####.#...####


You could see Crazy Yiuf.

Levels and vault maps discovered:
D:1:      evilmike_arrival_plus, layout_basic
D:2:      layout_basic, lemuel_coloured_pillars_altar,
          nicolae_ru_sacrificial_ziggurat, nicolae_dithmenos_shadow_blocks,
          overflow_temple_1_default, lemuel_doored_altar, minmay_tetromino_s2,
          uniq_crazy_yiuf_cottage
D:3:      layout_loops_cross
D:4:      layout_cave_pools, tgw_trog, uniq_duvessa

Notes
Turn   | Place    | Note
-------+----------+-------------------------------------------
     0 | D:1      | varaam the Centaur Wanderer began the quest for the Orb.
     0 | D:1      | varaam set off with the following items: a +2 leather
                  | armour, a potion of lignification {!q}, a potion of curing,
                  | a +0 club, a +0 dagger, a ration
     0 | D:1      | Reached XP level 1. HP: 16/16 MP: 1/1
    57 | D:1      | Identified a ring of protection (You found it on level 1 of
                  | the Dungeon)
   128 | D:1      | Identified a +0 club
   292 | D:1      | Reached skill level 1 in Maces & Flails
   292 | D:1      | Reached XP level 2. HP: 21/23 MP: 2/2
   548 | D:1      | Identified a +0 dagger
   568 | D:1      | Reached skill level 2 in Fighting
   768 | D:1      | Identified a +0 club
   861 | D:1      | Reached XP level 3. HP: 26/29 MP: 3/3
   960 | D:2      | Found a shadowy altar of Dithmenos.
  1153 | D:2      | Found a sacrificial altar of Ru.
  1275 | D:2      | Identified a +0 club
  1304 | D:2      | Identified a +0 dagger
  1355 | D:2      | Found a deep blue altar of Sif Muna.
  1398 | D:2      | Found a white marble altar of Elyvilon.
  1443 | D:2      | Identified a +0 dagger
  1538 | D:2      | You fall through a shaft for 2 floors!
  1539 | D:4      | Noticed a scorpion
  1559 | D:4      | Identified a +2 dagger of venom
  1559 | D:4      | Identified a cursed +0 robe
  1559 | D:4      | Noticed Dowan
  1570 | D:3      | Reached skill level 2 in Maces & Flails
  2104 | D:2      | Identified a +0 dagger
  2136 | D:2      | Reached XP level 4. HP: 30/37 MP: 4/4
  2188 | D:2      | Identified a +0 whip
  2379 | D:2      | Found a runed translucent door.
  2380 | D:2      | Identified a +4 quarterstaff of chaos
  2380 | D:2      | Identified a +0 cloak
  2380 | D:2      | Noticed Crazy Yiuf
  2457 | D:2      | Slain by Crazy Yiuf

Table legend:
 A = Turns spent in this place as a percentage of turns spent in the entire game.
 B = Non-inter-level travel turns spent in this place as a percentage of non-inter-level travel turns spent in the entire game.
 C = Inter-level travel turns spent in this place as a percentage of turns spent in this place.
 D = Turns resting spent in this place as a percentage of non-inter-level travel turns spent in this place.
 E = Turns spent auto-exploring this place as a percentage of non-inter-level travel turns spent in this place.
 F = Non-inter-level travel turns spent in this place divided by the number of levels of this place that you've seen.
                   A       B       C       D       E      F
               +-------+-------+-------+-------+-------+----------------------
         Total | 100.0 | 100.0 |   0.0 |   0.3 |  76.8 | 614.2
       Dungeon | 100.0 | 100.0 |   0.0 |   0.3 |  76.8 | 614.2
               +-------+-------+-------+-------+-------+----------------------

Table legend:
 A = Kills in this place as a percentage of kills in entire the game.
 B = Kills by you in this place as a percentage of kills by you in the entire game.
 C = Kills by friends in this place as a percentage of kills by friends in the entire game.
 D = Other kills in this place as a percentage of other kills in the entire game.
 E = Experience gained in this place as a percentage of experience gained in the entire game.
 F = Experience gained in this place divided by the number of levels of this place that you have seen.
                   A       B       C       D       E      F
               +-------+-------+-------+-------+-------+----------------------
         Total | 100.0 | 100.0 |   N/A |   N/A | 100.0 |  29.2
       Dungeon | 100.0 | 100.0 |   N/A |   N/A | 100.0 |  29.2
               +-------+-------+-------+-------+-------+----------------------

Skill      XL: |  1  2  3 |
---------------+----------+-----
Maces & Flails | 1 2 |  2.3
Fighting       | 2 |  2.9
Staves         | |  1.0
Throwing       | |  1.1
Dodging        | |  1.0
Stealth        | |  1.7
Unarmed Combat | |  2.0
Evocations     | |  1.0

Action                   |  1- 3 |  4- 6 || total
-------------------------+-------+-------++-------
Melee: Club              |   182 |     3 ||   185
       Kick              |    19 |     2 ||    21
       Whip              |       |    29 ||    29
Throw: Tomahawk          |     1 |       ||     1
  Use: Potion            |       |     1 ||     1
  Eat: Chunk             |     2 |     2 ||     4
Armor: Leather armour    |    93 |     5 ||    98
       Skin              |       |     9 ||     9
Dodge: Dodged            |   118 |    10 ||   128

Vanquished Creatures
  3 adders
  2 dart slugs
  A ball python (D:1)
  8 bats
  A giant cockroach (D:2)
  9 goblins
  5 hobgoblins
  3 jackals (D:2)
  5 kobolds
  4 frilled lizards
  9 rats
50 creatures vanquished.
